 Seeded DCSS version 0.30.1-4-g462c640d31 (webtiles) character file.

Game seed: 6351066067085065685 (custom seed)

2502 Esekla the Thaumaturge (level 9, 0/43 (45) HPs)
             Began as a Deep Elf Necromancer on Aug 22, 2023.
             Was a Priest of Vehumet.
             Slain by a wight
             ... wielding a +3 halberd
              (1 damage)
             ... on level 7 of the Dungeon.
             The game lasted 00:35:54 (6343 turns).

Esekla the Thaumaturge (Deep Elf Necromancer)       Turns: 6343, Time: 00:35:55

HP:   0/43 (45)     AC:  5    Str:  5    XL:     9   Next: 28%
MP:   9/23          EV: 14    Int: 25    God:    Vehumet [***...]
Gold: 398           SH:  0    Dex: 15    Spells: 13/25 levels left

rFire   . . .        a - +2 dagger (vamp)
rCold   . . .        (no shield)
rNeg    . . .        q - +0 robe
rPois   .            k - +0 helmet
rElec   .            E - +0 cloak
rCorr   .            m - +0 pair of gloves
SInv    .            (no boots)
Will    .....        B - amulet of magic regeneration
Stlth   +++          (no ring)
HPRegen 0.27/turn    (no ring)
MPRegen 0.58/turn

%: no passive effects
@: brilliant, lightly drained
A: no striking features
a: Renounce Religion


You were on level 7 of the Dungeon.
You worshipped Vehumet.
Vehumet was most pleased with you.
You visited 1 branch of the dungeon, and saw 7 of its levels.

You collected 398 gold pieces.

Inventory:

Hand Weapons
 a - a +2 vampiric dagger (weapon)
 r - a +4 trident of venom
 s - the +5 rapier of the Hero {heavy, rN+ Dex+3}
   (You found it on level 3 of the Dungeon)

   Dex:       It affects your dexterity (+3).
   rN:        It protects you from negative energy.
 H - a +0 scimitar
Missiles
 t - 20 poisoned darts (quivered)
Armour
 k - a +0 helmet (worn)
 m - a +0 pair of gloves (worn)
 q - a +0 robe (worn)
 E - a +0 cloak (worn)
 G - a +0 buckler
Jewellery
 B - an amulet of magic regeneration (around neck)
Wands
 h - a wand of roots (21)
 D - a wand of flame (10)
 K - a wand of mindburst (9)
Scrolls
 f - 2 scrolls of identify
 i - 5 scrolls of blinking {unknown}
 n - 2 scrolls of amnesia {unknown}
 o - a scroll of enchant armour {unknown}
 p - a scroll of immolation {unknown}
 u - 2 scrolls of fog {unknown}
 w - 3 scrolls of enchant weapon {unknown}
 x - a scroll of summoning {unknown}
 y - a scroll of silence {unknown}
 z - a scroll of magic mapping {unknown}
 C - 2 scrolls of fear
 F - 2 scrolls of teleportation {unknown}
 I - 3 scrolls of noise {unknown}
 J - 2 scrolls of poison {unknown}
Potions
 b - a potion of magic
 c - 2 potions of brilliance
 d - 3 potions of ambrosia
 e - 6 potions of attraction
 g - 2 potions of haste
 j - a potion of mutation
 l - a potion of curing
 v - 2 potions of heal wounds
 A - a potion of lignification


   Skills:
 + Level 3.1 Short Blades
 + Level 1.3 Throwing
 * Level 5.8 Dodging
 + Level 4.3 Stealth
 * Level 1.7 Shields
 * Level 8.6 Spellcasting
 * Level 2.6 Conjurations
 + Level 8.3 Necromancy
 * Level 4.0 Translocations
 * Level 2.3 Air Magic
 * Level 2.8 Poison Magic
 + Level 0.3 Evocations


You had 13 spell levels left.
You knew the following spells:

 Your Spells              Type           Power      Damage    Failure   Level
a - Necrotise             Necr           100%       1d9       1%          1
b - Shock                 Conj/Air       100%       1d9       1%          1
c - Mephitic Cloud        Conj/Pois/Air  35%        N/A       1%          3
d - Vampiric Draining     Necr           68%        2d10      1%          3
e - Kiss of Death         Conj/Necr      100%       2d13      1%          1
t - Teleport Other        Tloc           46%        N/A       3%          3

Your spell library contained the following spells:

 Spells                   Type           Power      Damage    Failure   Level
 Lesser Beckoning         Tloc           92%        N/A       1%          2
 Animate Dead             Necr           68%        N/A       1%          4
 Gell's Gravitas          Tloc           46%        N/A       3%          3
 Agony                    Necr           68%        N/A       4%          5
 Spider Form              Tmut/Pois      27%        N/A       10%         3
 Cause Fear               Hex            8%         N/A       50%         4
 Summon Mana Viper        Hex/Summ       16%        N/A       85%         5


Dungeon Overview and Level Annotations

Branches:
Dungeon (7/15)             Temple (0/1) D:6

Altars:
Dithmenos
Fedhas
Hepliaklqana
Okawaru
Qazlal
Trog
Vehumet
Zin
The Shining One

Shops:
D:2 =   D:4 (

Annotations:
D:7 Joseph


Message History

Unknown command.
Casting: Vampiric Draining (safe; 1% risk of failure)
Confirm with . or Enter, or press ? or * to list all spells.
Aiming: Vampiric Draining (safe; 1% risk of failure)
Press: ? - help, Shift-Dir - straight line, f/p - Joseph
Aim: Joseph, wielding a +0 quarterstaff, wearing a +0 leather armour and quivering curare-tipped darts (heavily wounded)
You feel a surge of power!
You draw life force from Joseph!
You feel life coursing into your body! Joseph closely misses you.
The wight hits you from afar with a +3 halberd!
Casting: Vampiric Draining (safe; 1% risk of failure)
Confirm with . or Enter, or press ? or * to list all spells.
Aiming: Vampiric Draining (safe; 1% risk of failure)
Press: ? - help, Shift-Dir - straight line, f/p - Joseph
Aim: Joseph, wielding a +0 quarterstaff, wearing a +0 leather armour and quivering curare-tipped darts (severely wounded)
You feel a surge of power!
You draw life force from Joseph.
You feel life coursing into your body. Joseph barely misses you.
The wight barely misses you.
Casting: Vampiric Draining (safe; 1% risk of failure)
Confirm with . or Enter, or press ? or * to list all spells.
Aiming: Vampiric Draining (safe; 1% risk of failure)
Press: ? - help, Shift-Dir - straight line, f/p - Joseph
Aim: Joseph, wielding a +0 quarterstaff, wearing a +0 leather armour and quivering curare-tipped darts (severely wounded)
You feel a surge of power!
You draw life force from Joseph!
You feel life coursing into your body.
Joseph screams, "One false step and I'll kill you."
Joseph hits you with a +0 quarterstaff!
The wight hits you from afar with a +3 halberd!
* * * LOW HITPOINT WARNING * * *
Casting: Vampiric Draining (safe; 1% risk of failure)
Confirm with . or Enter, or press ? or * to list all spells.
Aiming: Vampiric Draining (safe; 1% risk of failure)
Press: ? - help, Shift-Dir - straight line, f/p - Joseph
Aim: Joseph, wielding a +0 quarterstaff, wearing a +0 leather armour and quivering curare-tipped darts (almost dead)
You feel a surge of power!
You draw life force from Joseph.
You feel life coursing into your body. Joseph hits you with a +0 quarterstaff.
* * * LOW HITPOINT WARNING * * *
The wight hits you from afar with a +3 halberd!
* * * LOW HITPOINT WARNING * * *
You feel drained.
You die...

. ..########
z........##################
........z@.................
.........#@(..#############
..#####'##....# ###
#..##....# #(.
#.###....###########.# #.#
#.............##.# ###.#
#.....#######.##.#
....#######.#<....#.##.#
.........##.##)#..#.##.#
.........'..)...........


You could see Joseph and a wight.

Vanquished Creatures
  Pikel (D:7)
  A wyvern (D:7)
  Menkaure (D:7)
  An ice beast (D:6)
  A sky beast (D:6)
  2 black bears
  An ogre (D:5)
  A centaur (D:7)
  A phantom (D:7)
  Blork the orc (D:6)
  A kobold brigand (D:6)
  A gnoll sergeant (D:6)
  A bullfrog (D:7)
  2 scorpions (D:5)
  A gnoll bouda (D:4)
  6 hounds
  A jelly (D:6)
  Crazy Yiuf (D:7)
  A sleepcap (D:5)
  5 iguanas
  An orc wizard (D:7)
  13 gnolls
  9 adders
  4 white imps
  An ufetubus (D:6)
  A worm (D:4)
  3 dart slugs
  15 orcs
  4 endoplasms
  8 goblins
  5 hobgoblins
  A quokka (D:1)
  6 ball pythons
  4 bats
  4 frilled lizards
  12 kobolds
  A rat (D:1)
123 creatures vanquished.

Notes
Turn   | Place    | Note
-------+----------+-------------------------------------------
     0 | D:1      | Esekla the Deep Elf Necromancer began the quest for the
                  | Orb.
     0 | D:1      | Reached XP level 1. HP: 10/10 MP: 6/6
   323 | D:2      | Found Renulab's Jewellery Shop.
   584 | D:4      | Found a glowing silver altar of Zin.
   595 | D:4      | Found an iron altar of Okawaru.
   606 | D:4      | Found a radiant altar of Vehumet.
   614 | D:4      | Became a worshipper of Vehumet
   694 | D:3      | Reached skill level 5 in Necromancy
   854 | D:3      | Reached XP level 2. HP: 13/15 MP: 8/8
  1149 | D:3      | Identified the +5 rapier of the Hero {heavy, rN+ Dex+3}
  1248 | D:1      | Reached XP level 3. HP: 17/19 MP: 9/9
  1252 | D:1      | Learned a level 3 spell: Vampiric Draining
  1299 | D:1      | Reached * piety under Vehumet
  1299 | D:1      | Offered knowledge of Shock by Vehumet.
  1314 | D:1      | Learned a level 1 spell: Shock
  1346 | D:1      | Learned a level 3 spell: Teleport Other
  1536 | D:2      | Noticed a black bear
  1573 | D:2      | Found a faded altar of an unknown god.
  1590 | D:2      | Reached skill level 1 in Short Blades
  1590 | D:2      | Reached XP level 4. HP: 24/24 MP: 11/11
  1707 | D:2      | Killed a black bear
  1708 | D:2      | Reached skill level 1 in Translocations
  1708 | D:2      | Reached XP level 5. HP: 21/28 MP: 7/13
  2174 | D:3      | Found a stormy altar of Qazlal.
  2224 | D:3      | Found a bloodstained altar of Trog.
  2227 | D:3      | Found a hazy altar of Hepliaklqana.
  2395 | D:4      | Found Ponaysk's Antique Weapon Boutique.
  2535 | D:4      | Found a glowing golden altar of the Shining One.
  2580 | D:4      | Offered knowledge of Kiss of Death by Vehumet.
  2581 | D:4      | Reached XP level 6. HP: 30/32 MP: 10/14
  2592 | D:4      | Learned a level 1 spell: Kiss of Death
  2602 | D:4      | Reached ** piety under Vehumet
  3164 | D:5      | Entered Level 5 of the Dungeon
  3172 | D:5      | Got the Parchment of the Lumpy Olives
  3190 | D:5      | Found a shadowy altar of Dithmenos.
  3424 | D:5      | Reached skill level 5 in Spellcasting
  3653 | D:5      | Reached XP level 7. HP: 32/36 MP: 6/16
  3940 | D:5      | Reached skill level 1 in Throwing
  4192 | D:6      | Offered knowledge of Mephitic Cloud by Vehumet.
  4197 | D:6      | Learned a level 3 spell: Mephitic Cloud
  4332 | D:6      | Found a staircase to the Ecumenical Temple.
  4374 | D:6      | Reached skill level 5 in Dodging
  4412 | D:6      | Noticed Blork the orc
  4489 | D:7      | Found a runed translucent door.
  4490 | D:7      | Noticed Crazy Yiuf
  4508 | D:7      | Killed Crazy Yiuf
  4590 | D:6      | Noticed Pikel
  4763 | D:6      | Reached XP level 8. HP: 5/41 MP: 14/19
  4913 | D:6      | Killed Blork the orc
  4914 | D:6      | Reached skill level 1 in Conjurations
  4977 | D:6      | Reached skill level 1 in Air Magic
  4977 | D:6      | Reached skill level 1 in Poison Magic
  5555 | D:6      | Found a blossoming altar of Fedhas.
  5698 | D:7      | Killed Pikel
  5699 | D:7      | Reached skill level 1 in Shields
  5808 | D:7      | Reached XP level 9. HP: 45/45 MP: 20/22
  5881 | D:7      | Reached *** piety under Vehumet
  6198 | D:7      | Noticed Menkaure
  6202 | D:7      | Killed Menkaure
  6323 | D:7      | Noticed Joseph
  6343 | D:7      | HP: 1/45 [wight/+3 halberd (10)]
  6343 | D:7      | Slain by a wight

Illustrated notes

Levels and vault maps discovered:
D:1:      sevenhm_arrival_forest_fort_small_3, layout_rooms,
          chequers_serial_rivers_room_b, minmay_misc_feat_five
D:2:      layout_loops_ring, dreamdust_ecumenical_altar_angels_and_demons,
          serial_shops, shop
D:3:      layout_basic, grunt_temple_overflow_open, minmay_misc_feat_iff
D:4:      layout_basic, nicolae_overflow_quartered_altars, serial_shops,
          nicolae_diamond_shop
D:5:      layout_loops_ring, lemuel_doored_altar, minmay_misc_feat_rows,
          dreamdust_wishing_well
D:6:      layout_loops_cross, fedhas_altar_fruit_tree,
          minmay_temple_entry_glass, uniq_pikel, uniq_blork_the_orc
D:7:      layout_basic, uniq_menkaure, uniq_joseph, uniq_crazy_yiuf_cottage

Skill      XL: |  1  2  3  4  5  6  7  8  9 |
---------------+----------------------------+-----
Necromancy     | 5 6 7 8 |  8.3
Dodging        | 3 4 5 |  5.8
Stealth        | 3 4 |  4.3
Short Blades   | 1 2 3 |  3.1
Spellcasting   | 4 5 6 7 8 |  8.6
Translocations | 1 2 3 4 |  4.0
Throwing       | 1 |  1.3
Conjurations   | 2 |  2.6
Air Magic      | 1 2 |  2.3
Poison Magic   | 2 |  2.8
Shields        | 1 |  1.7
Evocations     | |  0.3

Action                     |  1- 3 |  4- 6 |  7- 9 || total
---------------------------+-------+-------+-------++-------
  Melee: Short sword       |    70 |       |       ||    70
         Unarmed           |     9 |       |       ||     9
         Punch             |     1 |       |     3 ||     4
         Rapier            |    35 |     5 |    14 ||    54
         Dagger            |       |   141 |   132 ||   273
  Throw: Dart              |       |    19 |    21 ||    40
   Cast: Vampiric Draining |     1 |    25 |    48 ||    74
         Teleport Other    |       |       |     3 ||     3
         Mephitic Cloud    |       |       |     3 ||     3
  Evoke: Wand              |       |     2 |     3 ||     5
    Use: Scroll            |     1 |       |     6 ||     7
         Potion            |       |       |     5 ||     5
   Stab: Sleeping          |     9 |     6 |     8 ||    23
         Distracted        |     1 |       |     1 ||     2
         Confused          |       |       |     2 ||     2
 Armour: Robe              |    39 |    21 |    30 ||    90
         Skin              |       |       |     1 ||     1
  Dodge: Dodged            |    73 |    53 |   128 ||   254
